 Dungeon Crawl Stone Soup version 0.21.1-1-g345015f (webtiles) character file.

95 Supreme the Digger (level 4, -8/24 HPs)
             Began as a Gargoyle Earth Elementalist on Apr 11, 2018.
             Mangled by an ice beast (13 damage)
             ... on level 2 of the Dungeon.
             The game lasted 00:18:08 (1306 turns).

Supreme the Digger (Gargoyle Earth Elementalist)    Turns: 1306, Time: 00:18:10

Health: -8/24      AC:  5    Str: 11    XL:     4   Next: 65%
Magic:  1/8        EV: 12    Int: 21    God:
Gold:   115        SH:  0    Dex: 10    Spells: 2/8 levels left

rFire    . . .     SeeInvis .   r - +0 mace
rCold    . . .     Gourm    .   (no shield)
rNeg     + . .     Faith    .   c - +0 robe
rPois    ∞         Spirit   .   (no helmet)
rElec    +         Reflect  .   (no cloak)
rCorr    .         Harm     .   (no gloves)
MR       .....                  (no boots)
Stlth    ++........             (no amulet)
HPRegen  0.08/turn              k - +4 ring of intelligence
MPRegen  0.11/turn              (no ring)

@: no status effects
A: negative energy resistance 1, electricity resistance, unbreathing,
petrification resistance, rot immunity, AC +3
a: no special abilities


You were on level 2 of the Dungeon.
You were hungry.

You visited 1 branch of the dungeon, and saw 4 of its levels.

You collected 115 gold pieces.

Inventory:

Hand Weapons
 h - a +0 dagger
 j - a +0 spear
 n - a +0 spear
 p - a +0 hand axe
 q - a +0 falchion
 r - a +0 mace (weapon)
 w - a +0 hunting sling
Missiles
 b - 4 stones (quivered)
 m - 11 poisoned needles
Armour
 c - a +0 robe (worn)
 u - a +0 leather armour
Jewellery
 k - a +4 ring of intelligence (left hand)
Scrolls
 a - 2 scrolls of teleportation {unknown}
 g - a scroll of magic mapping {unknown}
 i - 2 scrolls of fear {unknown}
 s - a scroll of fog {unknown}
 t - a scroll of identify {unknown}
 v - a scroll of enchant weapon {unknown}
Potions
 l - a potion of degeneration {unknown}
 o - a potion of lignification {unknown}
Books
 e - a book of Geomancy

   Spells                             Type                      Level
   a - Sandblast                      Earth                        1
   b - Passwall                       Transmutation/Earth          2
   c - Stone Arrow                    Conjuration/Earth            3
   d - Petrify                        Transmutation/Earth          4
   e - Lee's Rapid Deconstruction     Earth                        5
Comestibles
 d - 5 rations
 f - 2 chunks of flesh


   Skills:
 + Level 0.2 Fighting
 + Level 0.6 Maces & Flails
 + Level 2.0 Dodging
 - Level 2.1 Stealth
 + Level 2.8 Spellcasting
 + Level 0.3 Conjurations
 + Level 0.7 Transmutations
 * Level 5.2 Earth Magic


You had 2 spell levels left.
You knew the following spells:

 Your Spells              Type           Power        Failure   Level  Hunger
a - Sandblast             Erth           ###...       1%          1    None
b - Passwall              Tmut/Erth      ###.......   6%          2    ##.....
c - Stone Arrow           Conj/Erth      ##....       13%         3    ###....


Dungeon Overview and Level Annotations

Branches:
Dungeon (4/15)
 Temple: D:4-7

Altars:
Okawaru

Annotations:
D:3 Sigmund


Innate Abilities, Weirdness & Mutations

You are resistant to torment.
Your stone body is resilient. (AC +3)
You are immune to poison.
You resist negative energy. (rN+)
You are resistant to electric shocks. (rElec)
You can survive without breathing.
You are immune to petrification.
You are immune to rotting.


Message History

The blast of sand hits the ice beast.
The ice beast is moderately wounded.
b - 5 stones The ice beast hits you.
The ice beast freezes you.
* * * LOW HITPOINT WARNING * * *
You are feeling hungry.
Your magical contamination has completely faded away.
Casting: Sandblast
Confirm with . or Enter, or press ? or * to list all spells.
Aiming: Sandblast
Press: ? - help, Shift-Dir - straight line, f/p - ice beast
Aim: an ice beast (moderately wounded)
The blast of sand hits the ice beast.
The ice beast is severely wounded.
b - 4 stones The ice beast hits you.
* * * LOW HITPOINT WARNING * * *
The ice beast freezes you!
Ouch! That really hurt!
You die...

###.## #.# #....# #.#
#.#..# #.# #.#..#
#####.#
#.#..######.....#
#.#............## ..
#.#.#######.....##..#
#.#.# ##.Y.......# #.#.#
#.@.......##
###.#.#####.............
#...#)..................
#.##########.......##.##
#.# ##..........# #.#
##...####.##
#.################ #
#...........#
###########.# #


You could see an ice beast.

Vanquished Creatures
  A gnoll (D:1)
  2 adders
  A worm (D:2)
  5 dart slugs
  2 leopard geckos (D:1)
  5 bats (D:1)
  3 giant cockroaches
  7 goblins
  3 hobgoblins
  3 jackals (D:1)
  A quokka (D:2)
  3 frilled lizards (D:1)
  10 kobolds
  8 rats
54 creatures vanquished.

Notes
Turn   | Place    | Note
-------+----------+-------------------------------------------
     0 | D:1      | Supreme the Gargoyle Earth Elementalist began the quest for the Orb.
     0 | D:1      | Reached XP level 1. HP: 10/10 MP: 3/3
   168 | D:1      | Reached skill level 4 in Earth Magic
   168 | D:1      | Reached XP level 2. HP: 15/15 MP: 0/5
   172 | D:1      | Learned a level 2 spell: Passwall
   348 | D:1      | Reached XP level 3. HP: 19/19 MP: 4/6
   459 | D:1      | Learned a level 3 spell: Stone Arrow
   666 | D:1      | Found an iron altar of Okawaru.
   684 | D:1      | Reached XP level 4. HP: 20/24 MP: 2/8
   967 | D:2      | Reached skill level 5 in Earth Magic
  1172 | D:3      | Noticed Sigmund
  1275 | D:2      | Noticed an ice beast
  1306 | D:2      | Mangled by an ice beast

Skill      XL: |  1  2  3  4 |
---------------+-------------+-----
Earth Magic    | 4 5 |  5.2
Dodging        | 2 |  2.0
Fighting       | |  0.2
Maces & Flails | |  0.6
Stealth        | |  2.1
Spellcasting   | |  2.8
Conjurations   | |  0.3
Transmutations | |  0.7

Action                   |  1- 3 |  4- 6 || total
-------------------------+-------+-------++-------
Melee: Whip              |    70 |       ||    70
       Mace              |       |    39 ||    39
 Cast: Sandblast         |    35 |     4 ||    39
       Stone Arrow       |     5 |    10 ||    15
 Stab: Sleeping          |     4 |     2 ||     6
  Eat: Chunk             |       |     3 ||     3
Armor: Robe              |    20 |    17 ||    37
Dodge: Dodged            |    63 |    37 ||   100
